 Dungeon Sprint DCSS version 0.17-a0-2147-gfb20a63 (webtiles) character file.

37413 Kidiri the Unseen (level 12, -13/69 HPs)
             Began as a Spriggan Enchanter on Oct 24, 2015.
             Was the Champion of Dithmenos.
             Mangled by the 27-headed Lernaean hydra (16 damage)
             ... in the Dungeon (Sprint III: "The Ten Rune Challenge").
             The game lasted 00:17:27 (3400 turns).

Kidiri the Unseen (Spriggan Enchanter)              Turns: 3400, Time: 00:17:27

Health: -13/69     AC:  9    Str:  4    XL:     12   Next: 80%
Magic:  30/31      EV: 34    Int: 18    God:    Dithmenos [******]
Gold:   57         SH:  0    Dex: 20    Spells: 10 memorised, 4 levels left

rFire  . . .     SeeInvis +     m - +0 dagger (venom)
rCold  . . .     Clarity  .     b - +1 robe
rNeg   . . .     SustAt   .     (shield restricted)
rPois  .         Gourm    .     (helmet restricted)
rElec  .         Spirit   .     (no cloak)
rCorr  .         Warding  .     (gloves unavailable)
rMut   .         NoTele   +     (boots unavailable)
MR     ++...                    (no amulet)
Stlth  ++++++++++               (no ring)
                                (no ring)

@: wreathed by umbra, very quick, very resistant to hostile enchantments,
uncannily stealthy
A: unfitting armour, horns 1, iridescent scales 1, slimy green scales 1, see
invisible, breathe flames 1, herbivore 3, speed 3, sense surroundings 1, robust
1, slow metabolism 2
a: Shadow Step, Shadow Form, Renounce Religion, Breathe Fire
}: 1/10 runes: barnacled


You were in the Dungeon.
You worshipped Dithmenos.
Dithmenos was exalted by your worship.
You were full.

You visited 1 branch You collected 57 gold pieces.

Inventory:

Hand Weapons
 a - a +1 dagger
 m - a +0 dagger of venom (weapon)
Armour
 b - a +1 robe (worn)
Scrolls
 l - a scroll of torment {unknown}
 n - 3 scrolls of remove curse
 r - a scroll of holy word {unknown}
Potions
 f - a potion of heal wounds
 g - 2 potions of haste
 h - 2 potions of magic
 i - 2 potions of berserk rage
 p - a potion of agility
 q - a potion of flight
 s - 2 potions of cure mutation
 t - a potion of might
Comestibles
 k - 25 royal jellies
 o - 10 fruits


   Skills:
 + Level 7.6 Fighting
 * Level 13.3 Short Blades
 + Level 6.8 Armour
 * Level 17.0 Dodging
 * Level 18.2 Stealth
 * Level 14.6 Spellcasting
 + Level 6.6 Conjurations
 + Level 11.4 Hexes
 + Level 11.1 Translocations
 + Level 10.1 Transmutations
 + Level 7.3 Ice Magic
 + Level 7.1 Earth Magic
 - Level 2.0 Invocations


You had 4 spell levels left.
You knew the following spells:

 Your Spells              Type           Power        Failure   Level  Hunger
a - Corona                Hex            ######.      1%          1    None
b - Ensorcelled Hibernat  Hex/Ice        #####.       1%          2    None
c - Confuse               Hex            ######..     1%          3    None
d - Tukima's Dance        Hex            ######..     1%          3    None
e - Dazzling Spray        Conj/Hex       #####...     1%          3    None
f - Passwall              Trmt/Erth      #####.....   1%          3    None
g - Passage of Golubria   Tloc           N/A          1%          4    None
h - Lee's Rapid Deconstr  Erth           #####.....   10%         5    ####...
i - Invisibility          Hex            ######..     10%         6    #####..
j - Darkness              Hex            ######....   10%         6    #####..


Dungeon Overview and Level Annotations

Branches:
Dungeon (1/1)

Altars:
Cheibriados
Dithmenos
Elyvilon
Fedhas
Gozag
Kikubaaqudgha
Makhleb
Nemelex Xobeh
Okawaru
Qazlal
Ru
Sif Muna
Trog
Vehumet
Xom
Yredelemnul
Zin
The Shining One
Jiyva
Lugonu

Shops:
D (!=(:!

Annotations:
D Lernaean hydra


Innate Abilities, Weirdness & Mutations

You are tiny and cannot use many weapons and most armour.
You have supernaturally acute eyesight.
You are a herbivore.
You cover ground extremely quickly.
You need consume almost no food.
You have a pair of small horns on your head.
You are partially covered in iridescent scales (AC +4).
You are partially covered in slimy green scales (AC +2).
You can breathe flames.
You passively map a small area around you.
You are robust (+10% HP).


Message History

Moving in this stuff is going to be slow.
Unknown command.
Unknown command.
Unknown command.
You enter the shallow water.
Moving in this stuff is going to be slow.
Unknown command.
The 27-headed Lernaean hydra bites you but does no damage.
The 27-headed Lernaean hydra bites you. The 27-headed Lernaean hydra bites you!
The 27-headed Lernaean hydra completely misses you.
The 27-headed Lernaean hydra bites you!
You emit a cloud of dark smoke.
The 27-headed Lernaean hydra bites you!
* * * LOW HITPOINT WARNING * * *
You emit a cloud of dark smoke.
The 27-headed Lernaean hydra bites you!
* * * LOW HITPOINT WARNING * * *
The 27-headed Lernaean hydra completely misses you.
The 27-headed Lernaean hydra barely misses you.
The 27-headed Lernaean hydra completely misses you. x2
The 27-headed Lernaean hydra bites you!
You die...

, ♣.♣♣ *
▓≈≈≈..≈≈≈≈ *
♣.♣♣♣# *
▓≈≈≈≈≈≈≈≈≈ *
♣..♣.# ,,
▓≈≈≈≈≈≈≈≈≈ ,
♣♣.♣.D####♣♣
▓..≈≈≈≈≈≈≈ ,
*
♣♣.♣♣..≈..♣
▓...≈≈≈≈≈≈ *
♣♣†.§♣♣♣♣..♣
▓.)..≈≈≈≈≈
♣.≈§§§§§§§≈♣
▓...≈≈≈≈≈≈
♣..≈§§§D§..♣
▓.≈≈≈≈≈≈≈≈ *
♣.♣.§§@§P§.♣
▓≈≈≈≈≈≈≈≈≈
♣♣♣♣♣♣♣♣∩∩∩♣
▓.≈≈≈≈≈≈≈≈
♣♣♣♣♣
▓▓▓▓▓▓▓▓▓▓ *
* * * , ≈
,,,,, ≈ , ≈
, *≈ ≈ , , +
≈ ≈ , ≈ , ,


You could see the 27-headed Lernaean hydra.

Vanquished Creatures
  Rupert (D)
  Polyphemus (D)
  Ilsuiw (D)
  Maud (D)
  A merfolk javelineer (D)
  Snorg (D)
  2 hydras (D)
  A centaur warrior (D)
  4 death yaks (D)
  A sea snake (D)
  A death drake (D)
  A spriggan druid (D)
  2 unseen horrors (D)
  3 swamp dragons (D)
  A lindwurm (D)
  2 black mambas (D)
  2 spiny frogs (D)
  A fire drake (D)
  A queen bee (D)
  A komodo dragon (D)
  A deep elf priest (D)
  3 wandering mushrooms (D)
  8 blink frogs (D)
  3 redbacks (D)
  A shadow (D)
  2 spriggans (D)
  A spatial vortex (D)
  3 swamp drakes (D)
  2 centaurs (D)
  A necrophage (D)
  An earth elemental (D)
  2 brain worms (D)
  A water elemental (D)
  32 killer bees (D)
  An electric eel (D)
  A jelly (D)
  Jessica (D)
  A wizard (D)
  A necromancer (D)
  3 sheep (D)
  3 humans (D)
  An ooze (D)
  A phantom (D)
  2 rats (D)
105 creatures vanquished.

Vanquished Creatures (collateral kills)
  A kobold demonologist (D)
1 creature vanquished.

Vanquished Creatures (others)
  2 draconian scorchers (D)
  A dancing weapon (D)
  3 yaktaurs (D)
  6 plants (D)
12 creatures vanquished.

Grand Total: 118 creatures vanquished

Notes
Turn   | Place    | Note
--------------------------------------------------------------
     0 | D        | Kidiri the Spriggan Enchanter began the quest for the Orb.
     0 | D        | Reached XP level 1. HP: 9/9 MP: 5/5
     4 | D        | Reached skill level 5 in Stealth
    13 | D        | Noticed Jessica
    17 | D        | Killed Jessica
    17 | D        | Reached skill level 1 in Fighting
    17 | D        | Reached skill level 1 in Armour
    17 | D        | Reached skill level 6 in Stealth
    17 | D        | Reached XP level 2. HP: 12/14 MP: 5/7
    17 | D        | Reached XP level 3. HP: 15/18 MP: 6/9
    25 | D        | Learned a level 2 spell: Ensorcelled Hibernation
    29 | D        | Learned a level 3 spell: Confuse
    33 | D        | Learned a level 3 spell: Dazzling Spray
    92 | D        | Reached skill level 5 in Dodging
    94 | D        | Killed a yaktaur
   252 | D        | Gained mutation: You are partially covered in slimy green scales (AC +2). [potion of mutation]
   252 | D        | Gained mutation: You have a pair of small horns on your head. [potion of mutation]
   252 | D        | Gained mutation: You are partially covered in iridescent scales (AC +4). [potion of mutation]
   253 | D        | Gained mutation: You passively map a small area around you. [potion of mutation]
   253 | D        | Gained mutation: You are dopey. (Int -2) [potion of mutation]
   254 | D        | Gained mutation: You are robust (+10% HP). [potion of mutation]
   254 | D        | Lost mutation: You are dopey. (Int -2) [potion of mutation]
   254 | D        | Gained mutation: You can breathe flames. [potion of mutation]
   266 | D        | Killed a yaktaur
   278 | D        | Killed a white draconian scorcher
   292 | D        | Killed a white draconian scorcher
   296 | D        | Noticed a water elemental
   299 | D        | Killed a water elemental
   299 | D        | Reached skill level 7 in Stealth
   299 | D        | Reached skill level 5 in Spellcasting
   299 | D        | Reached skill level 1 in Conjurations
   299 | D        | Reached skill level 1 in Ice Magic
   299 | D        | Reached XP level 4. HP: 25/25 MP: 10/12
   304 | D        | Learned a level 3 spell: Tukima's Dance
   323 | D        | Noticed a jelly
   324 | D        | Noticed a shadow
   326 | D        | Killed a shadow
   326 | D        | Reached skill level 5 in Short Blades
   326 | D        | Reached skill level 9 in Stealth
   326 | D        | Reached skill level 5 in Hexes
   326 | D        | Reached XP level 5. HP: 29/29 MP: 12/14
   326 | D        | Reached XP level 6. HP: 35/35 MP: 13/16
   333 | D        | Killed a jelly
   477 | D        | Found a radiant altar of Vehumet.
   478 | D        | Found a deep blue altar of Sif Muna.
   478 | D        | Found an ancient bone altar of Kikubaaqudgha.
   478 | D        | Noticed a wizard
   479 | D        | Killed a wizard
   485 | D        | Noticed a ynoxinul
   676 | D        | Learned a level 3 spell: Passwall
   676 | D        | Found a stormy altar of Qazlal.
   677 | D        | Found a sacrificial altar of Ru.
   677 | D        | Found a burning altar of Makhleb.
   677 | D        | Found a viscous altar of Jiyva.
   677 | D        | Found a shimmering altar of Xom.
   677 | D        | Found a shadowy altar of Dithmenos.
   677 | D        | Found a sparkling altar of Nemelex Xobeh.
   677 | D        | Found a corrupted altar of Lugonu.
   677 | D        | Found an opulent altar of Gozag.
   677 | D        | Noticed a spatial vortex
   681 | D        | Became a worshipper of Dithmenos the Shadowed
   859 | D        | Killed a spatial vortex
   859 | D        | Reached skill level 10 in Stealth
   865 | D        | Learned a level 4 spell: Passage of Golubria
   978 | D        | Found a glowing silver altar of Zin.
   979 | D        | Found a glowing golden altar of the Shining One.
   979 | D        | Found a white marble altar of Elyvilon.
   979 | D        | Noticed a deep elf priest
   981 | D        | Killed a deep elf priest
   981 | D        | Reached skill level 1 in Transmutations
   981 | D        | Reached skill level 1 in Earth Magic
   981 | D        | Reached skill level 1 in Invocations
   981 | D        | Reached XP level 7. HP: 39/39 MP: 19/19
   992 | D        | Found an iron altar of Okawaru.
   993 | D        | Found a bloodstained altar of Trog.
   993 | D        | Noticed a human
   993 | D        | Noticed a human
   995 | D        | Killed a human
   995 | D        | Reached skill level 10 in Dodging
   996 | D        | Killed a human
   996 | D        | Reached * piety under Dithmenos
   996 | D        | Reached skill level 11 in Stealth
  1012 | D        | Found a snail-covered altar of Cheibriados.
  1012 | D        | Noticed a necrophage
  1013 | D        | Found a basalt altar of Yredelemnul.
  1013 | D        | Found a blossoming altar of Fedhas.
  1013 | D        | Noticed a necromancer
  1014 | D        | Killed a necrophage
  1014 | D        | Reached XP level 8. HP: 45/45 MP: 19/21
  1015 | D        | Killed a necromancer
  1015 | D        | Reached ** piety under Dithmenos
  1022 | D        | Learned a level 5 spell: Lee's Rapid Deconstruction
  1041 | D        | Noticed Snorg
  1095 | D        | Killed Snorg
  1095 | D        | Reached skill level 12 in Stealth
  1156 | D        | Noticed an earth elemental
  1159 | D        | Killed an earth elemental
  1166 | D        | Noticed a centaur
  1166 | D        | Noticed a centaur warrior
  1166 | D        | Noticed a centaur
  1168 | D        | Killed a centaur
  1168 | D        | Reached skill level 5 in Translocations
  1168 | D        | Reached XP level 9. HP: 49/49 MP: 23/23
  1170 | D        | Killed a centaur warrior
  1170 | D        | Reached skill level 10 in Spellcasting
  1170 | D        | Reached skill level 5 in Transmutations
  1171 | D        | Killed a centaur
  1171 | D        | Reached skill level 13 in Stealth
  1178 | D        | Killed a yaktaur
  1190 | D        | Noticed an unseen horror
  1190 | D        | Noticed an unseen horror
  1191 | D        | Killed an unseen horror
  1191 | D        | Reached *** piety under Dithmenos
  1193 | D        | Killed an unseen horror
  1205 | D        | Noticed a killer bee
  1205 | D        | Noticed a killer bee
  1205 | D        | Noticed a killer bee
  1205 | D        | Noticed a killer bee
  1205 | D        | Noticed a killer bee
  1205 | D        | Noticed a killer bee
  1205 | D        | Noticed a killer bee
  1205 | D        | Noticed a killer bee
  1205 | D        | Noticed a killer bee
  1205 | D        | Noticed a queen bee
  1205 | D        | Noticed a killer bee
  1205 | D        | Noticed a killer bee
  1205 | D        | Noticed a killer bee
  1205 | D        | Noticed a killer bee
  1205 | D        | Noticed a killer bee
  1206 | D        | Noticed a killer bee
  1206 | D        | Noticed a killer bee
  1206 | D        | Noticed a killer bee
  1206 | D        | Noticed a killer bee
  1206 | D        | Noticed a killer bee
  1206 | D        | Noticed a killer bee
  1206 | D        | Noticed a killer bee
  1206 | D        | Noticed a killer bee
  1206 | D        | Noticed a killer bee
  1206 | D        | Noticed a killer bee
  1206 | D        | Noticed a killer bee
  1206 | D        | Noticed a killer bee
  1206 | D        | Noticed a killer bee
  1206 | D        | Noticed a killer bee
  1206 | D        | Noticed a killer bee
  1206 | D        | Noticed a killer bee
  1206 | D        | Noticed a killer bee
  1206 | D        | Noticed a killer bee
  1207 | D        | Killed a killer bee
  1208 | D        | Killed a killer bee
  1210 | D        | Killed a killer bee
  1210 | D        | Reached **** piety under Dithmenos
  1210 | D        | Reached XP level 10. HP: 56/56 MP: 25/25
  1212 | D        | Killed a killer bee
  1213 | D        | Killed a killer bee
  1222 | D        | Killed a killer bee
  1222 | D        | Reached skill level 5 in Fighting
  1224 | D        | Killed a killer bee
  1226 | D        | Killed a killer bee
  1230 | D        | Killed a killer bee
  1234 | D        | Killed a killer bee
  1234 | D        | Reached ***** piety under Dithmenos
  1237 | D        | Killed a killer bee
  1239 | D        | Killed a killer bee
  1241 | D        | Killed a killer bee
  1245 | D        | Killed a killer bee
  1256 | D        | Learned a level 6 spell: Invisibility
  1374 | D        | Killed a killer bee
  1376 | D        | Killed a killer bee
  1380 | D        | Killed a killer bee
  1386 | D        | Killed a killer bee
  1388 | D        | Killed a killer bee
  1391 | D        | Killed a killer bee
  1393 | D        | Killed a killer bee
  1396 | D        | Killed a killer bee
  1396 | D        | Reached skill level 14 in Stealth
  1398 | D        | Killed a killer bee
  1398 | D        | Reached skill level 5 in Ice Magic
  1400 | D        | Killed a killer bee
  1533 | D        | Killed a killer bee
  1533 | D        | Reached ****** piety under Dithmenos
  1537 | D        | Killed a killer bee
  1539 | D        | Killed a killer bee
  1541 | D        | Killed a killer bee
  1544 | D        | Killed a killer bee
  1546 | D        | Killed a killer bee
  1546 | D        | Reached skill level 10 in Short Blades
  1548 | D        | Killed a killer bee
  1550 | D        | Killed a killer bee
  1552 | D        | Killed a queen bee
  1717 | D        | Noticed a wandering mushroom
  1718 | D        | Noticed a wandering mushroom
  1718 | D        | Noticed a wandering mushroom
  1719 | D        | Killed a wandering mushroom
  1721 | D        | Killed a wandering mushroom
  1722 | D        | Killed a wandering mushroom
  1760 | D        | Noticed a spiny frog
  1760 | D        | Noticed a komodo dragon
  1760 | D        | Noticed a spiny frog
  1767 | D        | Killed a komodo dragon
  1769 | D        | Killed a spiny frog
  1769 | D        | Reached skill level 5 in Armour
  1773 | D        | Killed a spiny frog
  1827 | D        | Noticed a redback
  1830 | D        | Killed a redback
  1831 | D        | Noticed a brain worm
  1833 | D        | Killed a brain worm
  1833 | D        | Reached skill level 5 in Conjurations
  1856 | D        | Noticed a brain worm
  1858 | D        | Killed a brain worm
  1861 | D        | Noticed a lindwurm
  1863 | D        | Noticed a redback
  1864 | D        | Killed a lindwurm
  1864 | D        | Reached skill level 5 in Earth Magic
  1866 | D        | Killed a redback
  1866 | D        | Reached skill level 15 in Stealth
  1866 | D        | Reached XP level 11. HP: 61/61 MP: 24/28
  1871 | D        | Noticed a redback
  1872 | D        | Killed a redback
  1887 | D        | Noticed Maud
  1889 | D        | Killed Maud
  1892 | D        | Noticed an electric eel
  1893 | D        | Noticed a four-headed hydra
  1893 | D        | Noticed an eight-headed hydra
  1894 | D        | Killed an electric eel
  1913 | D        | Killed an eight-headed hydra
  2056 | D        | Noticed a death drake
  2057 | D        | Killed a four-headed hydra
  2059 | D        | Killed a death drake
  2059 | D        | Reached skill level 10 in Hexes
  2107 | D        | Found a blossoming altar of Fedhas.
  2107 | D        | Noticed a spriggan
  2107 | D        | Noticed a spriggan druid
  2107 | D        | Noticed a spriggan
  2109 | D        | Killed a spriggan druid
  2110 | D        | Killed a spriggan
  2111 | D        | Killed a spriggan
  2141 | D        | Noticed Polyphemus
  2142 | D        | Noticed a sea snake
  2142 | D        | Noticed Ilsuiw
  2142 | D        | Found Yhoumavafo's Antique Weapon Emporium.
  2143 | D        | Killed Polyphemus
  2143 | D        | Reached skill level 15 in Dodging
  2143 | D        | Reached skill level 16 in Stealth
  2149 | D        | Killed Ilsuiw
  2153 | D        | Found Exioj's Book Shop.
  2153 | D        | Found Qasm's Distillery.
  2153 | D        | Noticed a merfolk javelineer
  2155 | D        | Killed a sea snake
  2211 | D        | Killed a merfolk javelineer
  2211 | D        | Reached skill level 10 in Translocations
  2211 | D        | Reached XP level 12. HP: 68/68 MP: 25/30
  2229 | D        | Got a barnacled rune of Zot
  2285 | D        | Learned a level 6 spell: Darkness
  2317 | D        | Noticed a swamp drake
  2317 | D        | Noticed a fire drake
  2318 | D        | Killed a fire drake
  2320 | D        | Killed a swamp drake
  2331 | D        | Noticed a blink frog
  2331 | D        | Noticed a blink frog
  2333 | D        | Noticed a blink frog
  2338 | D        | Killed a blink frog
  2338 | D        | Reached skill level 17 in Stealth
  2340 | D        | Noticed a blink frog
  2345 | D        | Killed a blink frog
  2346 | D        | Noticed a blink frog
  2347 | D        | Killed a blink frog
  2359 | D        | Killed a blink frog
  2361 | D        | Killed a blink frog
  2400 | D        | Noticed Rupert
  2405 | D        | Killed Rupert
  2431 | D        | Noticed a death yak
  2432 | D        | Noticed a death yak
  2432 | D        | Noticed a blink frog
  2433 | D        | Noticed an azure jelly
  2433 | D        | Noticed a death yak
  2433 | D        | Noticed an azure jelly
  2433 | D        | Noticed a blink frog
  2433 | D        | Noticed a death yak
  2434 | D        | Killed a death yak
  2434 | D        | Noticed a blink frog
  2439 | D        | Killed a blink frog
  2447 | D        | Killed a blink frog
  2448 | D        | Killed a death yak
  2452 | D        | Killed a death yak
  2474 | D        | Killed a death yak
  2601 | D        | Noticed a black mamba
  2606 | D        | Noticed a black mamba
  2607 | D        | Killed a black mamba
  2611 | D        | Killed a blink frog
  2611 | D        | Reached skill level 10 in Transmutations
  2633 | D        | Killed a black mamba
  2687 | D        | Noticed a swamp drake
  2689 | D        | Killed a swamp drake
  2689 | D        | Reached skill level 18 in Stealth
  2692 | D        | Noticed a swamp drake
  2693 | D        | Noticed a swamp dragon
  2693 | D        | Found Paesh's Antique Weapon Shoppe.
  2694 | D        | Killed a swamp drake
  2695 | D        | Noticed a swamp dragon
  2695 | D        | Noticed a swamp dragon
  2695 | D        | Found Teatob's Distillery.
  2695 | D        | Found Sisute's Jewellery Emporium.
  2696 | D        | Killed a swamp dragon
  2795 | D        | Noticed a swamp dragon
  3345 | D        | Killed a swamp dragon
  3361 | D        | Killed a swamp dragon
  3384 | D        | Noticed the 27-headed Lernaean hydra
  3395 | D        | Noticed a five-headed hydra
  3400 | D        | HP: 3/69 [the 27-headed Lernaean hydra (9)]
  3400 | D        | Mangled by the 27-headed Lernaean hydra

Vault maps used:
D:        dungeon_sprint_mu

Action                   |  1- 3 |  4- 6 |  7- 9 | 10-12 || total
-------------------------+-------+-------+-------+-------++-------
Melee: Dagger            |    16 |    27 |    22 |   121 ||   186
 Cast: Corona            |     3 |       |       |       ||     3
       Ensorcelled Hiber |     1 |     5 |       |    70 ||    76
       Tukima's Dance    |       |    14 |       |     2 ||    16
       Confuse           |       |     1 |     4 |     1 ||     6
       Dazzling Spray    |       |       |       |    12 ||    12
Invok: Shadow Step       |       |       |       |    15 ||    15
  Use: Scroll            |     3 |       |       |     1 ||     4
       Potion            |     3 |       |       |     1 ||     4
 Stab: Sleeping          |     6 |     4 |    13 |    72 ||    95
       Confused          |       |       |     2 |     2 ||     4
       Distracted        |       |       |       |     1 ||     1
       Invisible         |       |       |       |     3 ||     3
  Eat: Bread ration      |       |       |       |     1 ||     1
